 Dungeon Crawl Stone Soup version 0.31-a0-345-g1ebeae05c6 (webtiles) character file.

Game seed: 855459786953411293

1028 avis the Ruffian (level 8, -12/66 HPs)
             Began as a Hill Orc Shapeshifter on July 22, 2023.
             Was a Believer of Beogh.
             Killed from afar by a steam dragon (23 damage)
             ... with a ball of steam
             ... on level 6 of the Dungeon.
             The game lasted 00:25:30 (5291 turns).

avis the Ruffian (Hill Orc Shapeshifter)            Turns: 5291, Time: 00:25:30

Health: -12/66     AC:  8    Str: 19    XL:     8   Next: 23%
Magic:  0/11       EV:  8    Int: 12    God:    Beogh [**....]
Gold:   199        SH:  0    Dex: 10    Spells: 7/7 levels left

rFire   . .          .
                       - Unarmed
rCold   . . .        (no shield)
rNeg    . . .        n - +0 chain mail
rPois   .            (helmet currently unavailable)
rElec   .            I - melded +0 cloak
rCorr   .            (gloves currently unavailable)
SInv    .            (boots currently unavailable)
Will    .....        d - amulet of guardian spirit Stlth
                     (no ring)
HPRegen 0.31/turn    (no ring)
MPRegen 0.12/turn

%: guardian spirit
@: beast-form, unable to drink
A: beast (slay +3), clever 1, sense surroundings 1, inability to drink after
injury 1
a: Begin Untransformation, Renounce Religion, Smiting


You were on level 6 of the Dungeon.
You worshipped Beogh.
Beogh was pleased with you.
You were a hulking beast.
You visited 1 branch of the dungeon, and saw 6 of its levels.
You also visited: Sewer.

You collected 199 gold pieces.

Inventory:

Hand Weapons
 b - a +0 sling
 k - a +3 short sword
 y - a +0 short sword of holy wrath
 C - a +1 dagger of holy wrath
 D - a +0 spear
 G - a +0 trident
 P - a +0 spear
Missiles
 g - 6 curare-tipped darts
 i - 5 boomerangs
 x - 18 poisoned darts
Armour
 n - a +0 chain mail (worn)
 s - a +0 chain mail
 B - a +0 chain mail
 H - a +0 chain mail
 I - a +0 cloak (melded)
 L - a +0 chain mail
Jewellery
 d - an amulet of guardian spirit (around neck)
Talismans
 c - a beast talisman
 E - a beast talisman
Wands
 J - a wand of mindburst (9)
 M - a wand of roots (7)
Scrolls
 e - a scroll of identify {unknown}
 l - 4 scrolls of teleportation
 m - a scroll of vulnerability {unknown}
 q - a scroll of amnesia {unknown}
 r - a scroll of enchant weapon {unknown}
 w - a scroll of summoning {unknown}
 z - a scroll of brand weapon {unknown}
 F - 2 scrolls of noise {unknown}
 N - a scroll of revelation {unknown}
 Q - 2 scrolls of enchant armour {unknown}
Potions
 a - 3 potions of lignification
 f - 3 potions of attraction {unknown}
 j - a potion of might {unknown}
 o - 4 potions of brilliance
 p - a potion of resistance
 t - a potion of haste {unknown}
 u - a potion of curing {unknown}
 v - a potion of cancellation {unknown}
 A - a potion of magic {unknown}
 K - a potion of heal wounds
 O - a potion of berserk rage {unknown}


   Skills:
 - Level 4.0 Fighting
 - Level 1.5 Dodging
 + Level 5.9 Unarmed Combat
 + Level 4.5 Invocations
 * Level 5.6 Shapeshifting


You had 7 spell levels left.
You didn't know any spells.
Your spell library contained the following spells:

 Spells                   Type           Power      Damage    Failure   Level
 Slow                     Hex            0%         N/A       97%         1
 Wereblood                Tmut           0%         N/A       99%         2
 Confusing Touch          Hex            0%         N/A       100%        3
 Vampiric Draining        Necr           0%         2d6       100%        3
 Irradiate                Conj/Tmut      0%         3d11      100%        5


Dungeon Overview and Level Annotations

Branches:
Dungeon (6/15)              Sewer (visited)
 Temple: D:4-7

Altars:
Gozag
Vehumet


Innate Abilities, Weirdness & Mutations

You are a hulking beast.
Your limbs bulge with bestial killing power. (Slay +3)
Your mind is acute. (Int +4, Str/Dex -1)
You passively map a small area around you.
You occasionally lose the ability to drink potions when taking damage.


Message History

The steam dragon is lightly wounded.
You are engulfed in a cloud of scalding steam.
The steam dragon breathes steam at you. The ball of steam hits you!
The steam dragon closely misses you.
The steam dragon claws you but does no damage.
You closely miss the steam dragon.
The steam dragon is lightly wounded.
The steam dragon bites you! The steam dragon claws you.
You punch the steam dragon!
The steam dragon is moderately wounded.
The steam dragon bites you!
You feel threatened and lose the ability to drink potions!
* * * LOW HITPOINT WARNING * * *
The steam dragon barely misses you.
You cannot drink potions in your current state!
Blink to where?
Press: ? - help, Dir - move target
Found 12 gold pieces.
As you read the scroll of blinking, it crumbles to dust.
You can drink potions again.
As you read the scroll of teleportation, it crumbles to dust.
You feel strangely unstable.
Aiming: Mindburst
Press: ? - help, Shift-Dir - straight line, f - steam dragon
Aim: a steam dragon (moderately wounded, chance to affect: 64%)
The steam dragon struggles to resist.
You hit the steam dragon.
The steam dragon is heavily wounded.
The steam dragon breathes steam at you. The ball of steam misses you.
Your surroundings seem slightly different.
You hit the steam dragon.
The steam dragon is heavily wounded.
You are engulfed in a cloud of scalding steam.
* * * LOW HITPOINT WARNING * * *
The steam dragon breathes steam at you. The ball of steam hits you!!
You feel threatened and lose the ability to drink potions!
You die...

#.#.## , ..# #.......... ,#....#
* #.#######....#.#### #.#..#
##...... #....#.# #.#..# #.....#
*#....#.#### #.#..# #.....#
*#.#........
,#.#..########..$..#
##......####
#.#..#............#.#####.#.....
#.##.#....###§§.....# #.......
#.#..#..§.# #§Dh..### #.#.####
#.#..#....# #§....# #.#.# #
#.#..#.#### #§§...# #.#.# #
##.#..#.# #§....# #.#.# #
...#..#.# #§§...# #.#.# #
##.#..#.# #§§...#######.#.# #
####..#.# ########......#.####
......#.# #.#..........
...#.##.# #.#..<.......


You could see a steam dragon (catching breath).

Vanquished Creatures
  A black bear (D:5)
  An ice beast (D:5)
  A phantom (D:4)
  2 kobold brigands
  Blork the orc (D:4)
  2 scorpions
  3 orc priests
  2 hounds
  An iguana (D:6)
  11 adders
  3 river rats
  An ufetubus (D:6)
  4 worms
  12 orcs
  13 bats
  5 endoplasms
  4 giant cockroaches
  4 goblins
  9 hobgoblins
  8 jackals
  18 kobolds
  4 quokkas
  15 ball pythons
  4 frilled lizards
  5 rats
134 creatures vanquished.

Vanquished Creatures (others)
  An orc (D:3)
  2 hobgoblins (D:3)
3 creatures vanquished.

Grand Total: 137 creatures vanquished

Notes
Turn   | Place    | Note
-------+----------+-------------------------------------------
     0 | D:1      | avis the Hill Orc Shapeshifter began the quest for the Orb.
     0 | D:1      | Reached XP level 1. HP: 16/16 MP: 1/1
   151 | D:1      | Reached XP level 2. HP: 20/23 MP: 2/2
   495 | D:1      | Reached XP level 3. HP: 29/29 MP: 3/3
   884 | D:2      | Reached XP level 4. HP: 37/37 MP: 4/4
  1126 | D:2      | Found an opulent altar of Gozag.
  1271 | D:2      | Found a faded altar of an unknown god.
  1661 | D:3      | Became a worshipper of Beogh the Brigand
  1707 | D:3      | Found a radiant altar of Vehumet.
  1777 | D:2      | Reached XP level 5. HP: 45/45 MP: 5/5
  1970 | D:3      | Found a glowing drain.
  1975 | Sewer    | Entered a sewer
  2101 | Sewer    | Reached XP level 6. HP: 36/51 MP: 3/6
  2175 | Sewer    | Reached * piety under Beogh
  2449 | Sewer    | Gained mutation: Your mind is acute. (Int +4, Str/Dex -1)
                  | [potion of mutation]
  2449 | Sewer    | Gained mutation: You occasionally lose the ability to drink
                  | potions when taking damage. [potion of mutation]
  2449 | Sewer    | Gained mutation: You passively map a small area around you.
                  | [potion of mutation]
  2946 | D:4      | Reached skill level 1 in Invocations
  3148 | D:4      | Noticed Blork the orc
  3160 | D:4      | Killed Blork the orc
  3161 | D:4      | Reached skill level 5 in Unarmed Combat
  3161 | D:4      | Reached XP level 7. HP: 38/59 MP: 4/8
  3781 | D:5      | Entered Level 5 of the Dungeon
  3937 | D:5      | Reached skill level 5 in Shapeshifting
  4588 | D:6      | Reached XP level 8. HP: 66/66 MP: 9/11
  4698 | D:6      | Reached ** piety under Beogh
  5291 | D:6      | Killed from afar by a steam dragon

Illustrated notes

Levels and vault maps discovered:
D:1:      dpeg_arrival_central, layout_basic, nicolae_figureground_sparkle
D:2:      layout_loops_ring, hellmonk_ecumenical_altar_slurped_away, basic_altar
D:3:      layout_rooms, mainiacjoe_overflow_paths, portal_sewer_entry_e,
          glass_columns_b, minmay_misc_feat_diagonals
D:4:      layout_basic, minmay_vboxes, uniq_blork_the_orc
D:5:      layout_rooms, skrybe_limestone_x
D:6:      layout_basic

Skill      XL: |  1  2  3  4  5  6  7 |
---------------+----------------------+-----
Shapeshifting  | 3 4 5 |  5.6
Fighting       | 2 3 4 |  4.0
Unarmed Combat | 4 5 |  5.9
Invocations    | 2 4 |  4.5
Dodging        | |  1.5

Action                     |  1- 3 |  4- 6 |  7- 9 || total
---------------------------+-------+-------+-------++-------
  Melee: Unarmed           |    80 |   186 |   115 ||   381
         Punch             |     1 |     5 |     7 ||    13
   Fire: Sling             |       |    42 |       ||    42
 Invoke: Convert to Beogh  |       |     1 |       ||     1
Ability: Begin Untransform |       |       |     1 ||     1
  Evoke: Wand              |       |       |     1 ||     1
    Use: Potion            |       |     5 |       ||     5
         Scroll            |       |     2 |     2 ||     4
 Armour: Animal skin       |     3 |       |       ||     3
         Ring mail         |    20 |       |       ||    20
         Chain mail        |       |    94 |    45 ||   139
  Dodge: Dodged            |    28 |    74 |    44 ||   146
   Form: Beast             |       |       |     1 ||     1

Table legend: (Time is in decaauts)
 A = Elapsed time spent in this place.
 B = Non-inter-level travel time spent in this place.
 C = Inter-level travel time spent in this place.
 D = Time resting spent in this place.
 E = Time spent auto-exploring this place.
 F = Levels seen in this place.
 G = Mean time per level.
                   A        B        C        D        E       F      G
               +--------+--------+--------+--------+--------+-----+--------+
         Total |   5348 |   4994 |    354 |    595 |   2931 |   7 |  764.0 |
       Dungeon |   4789 |   4435 |    354 |    488 |   2711 |   6 |  798.2 |
         Sewer |    559 |    559 |      0 |    107 |    220 |   1 |  559.0 |
               +--------+--------+--------+--------+--------+-----+--------+

Top non-repeatable levels by time:
     D:4: 960 daAuts
     D:2: 845 daAuts
     D:3: 776 daAuts
     D:5: 767 daAuts
     D:1: 752 daAuts
     D:6: 688 daAuts
   Sewer: 559 daAuts
